Cogmind - Beta 17 @@@ ROGUE MODE // 2026.07.26 @ 01:10:23 Player: gorb Result: Destroyed by Y-64 Sentinel with Wave Gun Performance ------------- Evolutions (5) 2500 Regions Visited (9) 1800 Robots Destroyed (31) 155 Value Destroyed (722) 722 Prototype IDs (2) 40 Alien Tech Used (0) 0 Bonus (537) 537 TOTAL SCORE: 5754 Bonus ------- Follower Combat Kills 37 Entered DSFs 500 Cogmind --------- Core Integrity 0/1000 Matter 283/300 Energy 73/100 System Corruption 6% Temperature Cool (9) Movement Core (50) Location -5/Factory Parts ------- > --- POWER (3) -------- (None) > --- PROPULSION (6) --- (None) > --- UTILITY (6) ------ Experimental Heat Sink Advanced Visual Processing Unit Hacking Suite > --- WEAPON (2) ------- Lance > --- INVENTORY (5) ---- Fusion Compressor Light Neutrino Core Micro Fission Core Drone Bay (2/2) Peak State ------------ > --- POWER ------------ Light Ion Engine > --- PROPULSION ------- Antigrav System Gyrokinetic Inverter > --- UTILITY ---------- Experimental Heat Sink Advanced Visual Processing Unit Terrain Scan Processor Advanced Targeting Computer Hacking Suite > --- WEAPON ----------- Lance > --- INVENTORY -------- Fusion Compressor Light Neutrino Core Micro Fission Core Drone Bay [Rating: 39] Favorites ----------- Power Light Ion Engine Engine Light Ion Engine Power Core Light Nuclear Core Propulsion Xenon Bombardment Thruster Leg Aluminum Leg Wheel Compact Wheel Hover Unit Antigrav System Flight Unit Xenon Bombardment Thruster Utility Advanced Visual Processing Unit Device Structural Scanner Storage Small Storage Unit Processor Advanced Visual Processing Unit Hackware Hacking Suite Weapon Mining Claw Energy Gun Heavy Laser Ballistic Gun Assault Rifle Special Weapon Welding Torch Slashing Weapon Mining Claw Piercing Weapon Lance Build | -11 -10 -10 -9 -8 -7 -7 -6 -6 -5 ------- Run | Yrd Mat Min Mat Mat Fac DSF Fac Ext Fac Slots Evolved 10 | . . . 2 2 2 . 2 . 2 Power 2 | . . . . 1 . . . . 1 Propulsion 4 | . . . 2 . . . 2 . . Utility 4 | . . . . 1 2 . . . 1 Weapon . | . . . . . . . . . . Parts Attached 49 | 6 . 2 5 4 . 11 1 3 17 Power 9 | 1 . . . 1 . 2 . . 5 Engine 5 | 1 . . . 1 . . . . 3 Core 4 | . . . . . . 2 . . 2 Reactor . | . . . . . . . . . . Propulsion 17 | 3 . . 4 1 . 4 . . 5 Treads . | . . . . . . . . . . Leg 1 | 1 . . . . . . . . . Wheel 2 | 2 . . . . . . . . . Hover 4 | . . . . . . . . . 4 Flight 10 | . . . 4 1 . 4 . . 1 Utility 13 | 1 . 1 . 2 . 3 1 . 5 Device 5 | . . 1 . 1 . 1 . . 2 Storage 1 | 1 . . . . . . . . . Processor 5 | . . . . 1 . 2 . . 2 Hackware 2 | . . . . . . . 1 . 1 Protection . | . . . . . . . . . . Artifact . | . . . . . . . . . . Weapon 10 | 1 . 1 1 . . 2 . 3 2 Energy Gun 2 | . . . . . . 1 . 1 . Energy Cannon . | . . . . . . . . . . Ballistic Gun 3 | 1 . 1 . . . . . 1 . Ballistic Cannon . | . . . . . . . . . . Launcher . | . . . . . . . . . . Special Weapon 1 | . . . . . . . . . 1 Impact Weapon . | . . . . . . . . . . Slashing Weapon 3 | . . . 1 . . 1 . 1 . Piercing Weapon 1 | . . . . . . . . . 1 Special Melee Weapon . | . . . . . . . . . . Unidentified Prototypes 2 | . . . . . . . . . 2 Parts Lost 36 | . . . 2 2 . 7 . 14 11 Power 7 | . . . 1 . . 1 . 2 3 Propulsion 15 | . . . 1 . . 4 . 5 5 Utility 7 | . . . . 1 . 1 . 3 2 Weapon 7 | . . . . 1 . 1 . 4 1 Highest Loss Streak 6 | . . . 2 1 . 5 . 6 5 To Critical Strikes . | . . . . . . . . . . Average Backups 4 | 2 5 6 5 6 8 6 4 3 3 Power . | . 1 1 1 . . . . . 1 Propulsion 1 | 1 2 3 2 2 2 2 2 . . Utility . | . . . . 2 3 2 . . 1 Weapon 1 | 1 2 2 2 2 2 1 1 1 . Tool/Special . | . . . . . . . . . . Unused Backups 4 | . 1 . . . . . . . 3 Power 1 | . . . . . . . . . 1 Propulsion 2 | . 1 . . . . . . . 1 Utility 1 | . . . . . . . . . 1 Weapon . | . . . . . . . . . . Tool/Special . | . . . . . . . . . . Average Slot Usage (%) 60 | . 71 78 96 72 69 63 71 63 34 Engine 4 | . 14 14 9 9 7 2 . . 1 Core 2 | . . . . . . 5 13 5 . Wheel 7 | . 28 28 1 12 . . . 3 . Flight 8 | . . . 40 7 30 19 20 10 1 Device 4 | . . 3 11 13 7 4 6 5 1 Storage 4 | . 14 14 11 9 7 6 . . . Processor 11 | . . . . 1 7 11 20 20 16 Hackware 2 | . . . . . . . 4 6 3 Ballistic Gun 4 | . 14 17 11 9 . . . . . Slashing Weapon 4 | . . . 10 9 7 9 6 8 . Peak Build Rating 39 | 5 5 7 9 17 16 32 30 33 39 Average Rating 17 | 3 5 5 8 11 16 18 29 26 21 On Entrance 12 | . 5 5 7 8 16 16 27 30 6 Avg Prop Armor Cover (%) 8 | . . . . . . . . 8 . Naked Turns . | . . . . . . . . . . Heaviest Build 18 | 10 10 13 13 16 13 18 13 13 9 Greatest Support 26 | 26 26 26 16 26 17 18 15 26 22 Greatest Overweight (x) 4 | . . . 1 . . 4 . 1 2 Average Overweight (x) . | . . . . . . . . . . Largest Inventory Capacity 8 | 8 8 8 8 8 8 8 5 5 5 Average Capacity 6 | 6 8 8 8 8 8 7 5 5 5 Most Carried 8 | 5 7 8 8 8 8 8 5 5 5 Average Carried 4 | 3 5 6 5 6 8 6 4 3 3 Final Capacity 8 | 8 8 8 8 8 8 5 5 5 5 Final Carried 8 | 5 6 7 8 8 8 4 4 2 4 Class Distribution -------------------- 65% | Mutant 15% | Scavenger-Sprinter 10% | Scavenger-Mutant 8% | Sprinter Dominant Class ---------------- Mutant | -10/Materials Mutant | -10/Mines Sprinter | -9/Materials Mutant | -8/Materials Mutant | -7/Factory Scavenger-Sprinter | -7/DSF Scavenger-Sprinter | -6/Factory Scavenger-Mutant | -6/Extension Mutant | -5/Factory Resources | -11 -10 -10 -9 -8 -7 -7 -6 -6 -5 ----------- Run | Yrd Mat Min Mat Mat Fac DSF Fac Ext Fac Matter Collected 737 | 259 7 . 83 46 . 60 13 144 125 Remotely . | . . . . . . . . . . Salvage Created 1238 | . 28 . 13 57 . 60 13 239 828 Parts 72 | . 3 . 3 4 . 7 3 10 42 Haulers Intercepted . | . . . . . . . . . . Recyclers Shooed . | . . . . . . . . . . Parts Field Recycled . | . . . . . . . . . . Retrieved Matter . | . . . . . . . . . . Parts Self-Destructed . | . . . . . . . . . . Prevented . | . . . . . . . . . . Parts Restored . | . . . . . . . . . . Kills | -11 -10 -10 -9 -8 -7 -7 -6 -6 -5 ------- Run | Yrd Mat Min Mat Mat Fac DSF Fac Ext Fac Combat Hostiles Destroyed 14 | . 2 . . . . 3 . 3 6 Melee 9 | . . . . . . 1 . 2 6 Guns 5 | . 2 . . . . 2 . 1 . Classes Destroyed 10 | . 1 . 1 2 . 1 . 2 3 Worker 7 | . . . . 1 . . . . 6 Builder 6 | . . . 1 1 . . . 1 3 Recycler 2 | . . . . . . . . . 2 Operator 2 | . . . . 1 . . 1 . . Swarmer 2 | . 2 . . . . . . . . Cutter 3 | . . . . . . 3 . . . Grunt 1 | . . . . . . . . 1 . Sentry 4 | . . . . . . . . 2 2 Hunter 1 | . . . . . . . . . 1 Programmer 3 | . . . . . . . . . 3 Best Kill Streak 14 | . 2 . 1 3 . 3 1 1 14 Combat Bots Only 4 | . 2 . . . . 3 . 1 4 Max Kills in Single Turn 1 | . 1 . 1 1 . 1 1 1 1 Gunslinging . | . . . . . . . . . . Exploded . | . . . . . . . . . . Melee 1 | . . . . . . 1 . 1 1 Uniques/NPCs Destroyed . | . . . . . . . . . . Combat | -11 -10 -10 -9 -8 -7 -7 -6 -6 -5 -------- Run | Yrd Mat Min Mat Mat Fac DSF Fac Ext Fac Hostile Shots Fired 390 | . 3 4 17 15 . 33 6 165 147 Missed 159 | . 1 . 8 9 . 12 3 73 53 Hits 231 | . 2 4 9 6 . 21 3 92 94 Melee 18 | . . . 1 . . 17 . . . Projectile 213 | . 2 4 8 6 . 4 3 92 94 AOE 3 | . . . . . . 3 . . . Critical Strikes 18 | . . . 1 1 . 5 . 2 9 Damage Taken 3911 | . 17 57 137 132 . 464 42 1413 1649 Core 1982 | . . . 11 18 . 145 . 790 1018 Absorbed by Shields 14 | . . . . . . 14 . . . Core Remaining (%) 79 | 100 . 100 97 96 . 79 . 7 . Volleys Fired 34 | . 2 . 5 . . 6 . 8 13 Largest 1 | . 1 . 1 . . 1 . 1 1 Hottest 40 | . 20 . 20 . . 40 . 25 20 Shots Fired 34 | . 2 . 5 . . 6 . 8 13 Gun 21 | . 2 . 5 . . 6 . 8 . Cannon . | . . . . . . . . . . Launcher . | . . . . . . . . . . Special 13 | . . . . . . . . . 13 Kinetic 17 | . 2 . 5 . . 2 . 8 . Thermal 17 | . . . . . . 4 . . 13 Explosive . | . . . . . . . . . . Electromagnetic . | . . . . . . . . . . Robot Hit Streak 6 | . 2 . 3 . . 5 . 6 3 Robot Miss Streak 4 | . . . 1 . . 1 . 1 4 Penetration Max . | . . . . . . . . . . Secondary Targets . | . . . . . . . . . . Shots Hit Robots 70 | . 2 . 5 4 . 9 1 17 32 Core Hits 33 | . 2 . 2 2 . 5 1 4 17 Critical Kills . | . . . . . . . . . . Critical Parts Destroyed . | . . . . . . . . . . Critical Strikes 6 | . . . . . . . . 3 3 Sever 3 | . . . . . . . . 3 . Impale 3 | . . . . . . . . . 3 Melee Attacks 92 | . . . 8 4 . 9 1 29 41 Impact . | . . . . . . . . . . Slashing 51 | . . . 8 4 . 9 1 29 . Piercing 41 | . . . . . . . . . 41 Sneak Attacks 19 | . . . . 4 . . 1 3 11 Combat Hostiles . | . . . . . . . . . . Follow-up Attacks 2 | . . . . . . . . 2 . Damage Inflicted 2662 | . 23 . 64 230 . 177 66 582 1520 Guns 197 | . 23 . 37 . . 56 . 81 . Cannons . | . . . . . . . . . . Explosions . | . . . . . . . . . . Melee 2453 | . . . 27 230 . 121 66 496 1513 Ramming 5 | . . . . . . . . 5 . Kinetic 151 | . 23 . 37 . . 10 . 81 . Thermal 53 | . . . . . . 46 . . 7 Explosive . | . . . . . . . . . . Electromagnetic . | . . . . . . . . . . Impact . | . . . . . . . . . . Slashing 940 | . . . 27 230 . 121 66 496 . Piercing 1513 | . . . . . . . . . 1513 Highest Corruption 6 | . . . . . . 1 . 1 6 Average Corruption 5 | . . . . . . 1 . 1 5 Corruption Purged . | . . . . . . . . . . Corruption Blocked . | . . . . . . . . . . Effects 9 | . . . . . . . . . 9 Matter Fused 2 | . . . . . . . . . 2 Energy Discharges 2 | . . . . . . . . . 2 Parts Rejected 1 | . . . . . . . . . 1 Data Loss (minor) 3 | . . . . . . . . . 3 Data Loss (major) 1 | . . . . . . . . . 1 Overload Shots . | . . . . . . . . . . Overflow Damage 352 | . . . . 76 . . . 81 195 Projectiles . | . . . . . . . . . . Explosions . | . . . . . . . . . . Melee 352 | . . . . 76 . . . 81 195 Knockbacks 1 | . . . . . . . . 1 . Impact 1 | . . . . . . . . 1 . Kinetic . | . . . . . . . . . . Secondary . | . . . . . . . . . . Self-Inflicted Damage 2 | . . . . . . . . 2 . Shots . | . . . . . . . . . . Rammed 3 | . . . . . . . . 3 . Targets Rammed 3 | . . . . . . . . 3 . Kicked . | . . . . . . . . . . Crushed . | . . . . . . . . . . Highest Temperature 8 | . . . 8 . . . . 3 . Average Temperature 4 | . . . 5 . . . . 3 . Received Heat Transfer 525 | . . 18 45 27 . . . 291 144 Siege Activations . | . . . . . . . . . . Martial Activations . | . . . . . . . . . . Shielding Activations . | . . . . . . . . . . Robots Disrupted . | . . . . . . . . . . Combat Hostiles . | . . . . . . . . . . Robots Corrupted . | . . . . . . . . . . Combat Hostiles . | . . . . . . . . . . Parts Fried . | . . . . . . . . . . Impact Corruptions . | . . . . . . . . . . Robots Melted . | . . . . . . . . . . Combat Hostiles . | . . . . . . . . . . Parts Melted . | . . . . . . . . . . Heat Transferred 175 | . . . . . . 100 . . 75 Parts Sabotaged . | . . . . . . . . . . Parts Stolen . | . . . . . . . . . . Parts Stripped . | . . . . . . . . . . Power Chain Reactions . | . . . . . . . . . . Alert | -11 -10 -10 -9 -8 -7 -7 -6 -6 -5 ------- Run | Yrd Mat Min Mat Mat Fac DSF Fac Ext Fac Maximum Alert Level . | . . . . . . . . . . Low Security (%) 100 | 100 100 100 100 100 100 100 100 100 100 Level 1 . | . . . . . . . . . . Level 2 . | . . . . . . . . . . Level 3 . | . . . . . . . . . . Level 4 . | . . . . . . . . . . Level 5 . | . . . . . . . . . . High Security . | . . . . . . . . . . Max Security . | . . . . . . . . . . Peak Influence 133 | . 65 . 50 15 2 55 23 71 133 Initial 18 | . . . . 10 2 1 18 . 7 Average 20 | . 19 . 19 2 2 22 10 20 35 Influence Increases 888 | . 65 . 95 37 . 85 20 309 277 Destroy 0b10 Robot/C 300 | . 40 . . . . 60 . 80 120 Destroy 0b10 Robot/NC 85 | . . . 5 15 . . 5 5 55 Destroy Leader 90 | . 10 . . . . 10 . 20 50 Allied During Kill 18 | . . . . . . . . 18 . Successful Hack 37 | . . . . 7 . . . 18 12 Destroy Structure 13 | . . . . . . . . 3 10 Partial Spotted 105 | . . . 75 . . 15 15 . . Lose Combat Pursuer 240 | . 15 . 15 15 . . . 165 30 Influence Decreases 828 | . 65 . 70 57 3 52 55 294 232 Entered New Map 44 | . . . . 15 3 1 17 . 8 Time Decay 481 | . 65 . 50 32 . . 38 166 130 Lost Part 267 | . . . 20 10 . 51 . 92 94 Lost Ally 36 | . . . . . . . . 36 . Squads Dispatched 15 | . . . 1 1 . 2 1 7 3 Investigation 7 | . . . . . . . 1 6 . Extermination 1 | . . . . . . . . . 1 Reinforcement 7 | . . . 1 1 . 2 . 1 2 Assault . | . . . . . . . . . . Garrison . | . . . . . . . . . . Intercept . | . . . . . . . . . . Searches Triggered . | . . . . . . . . . . Construction Impeded . | . . . . . . . . . . Haulers Reinforced . | . . . . . . . . . . Active Scanning Responses . | . . . . . . . . . . Cargo Convoy Interrupts . | . . . . . . . . . . Stealth | -11 -10 -10 -9 -8 -7 -7 -6 -6 -5 --------- Run | Yrd Mat Min Mat Mat Fac DSF Fac Ext Fac Distress Signals 3 | . . . 1 . . . . 1 1 Communications Jammed . | . . . . . . . . . . Distress Signals . | . . . . . . . . . . Times Spotted 79 | . 4 2 12 13 . 5 1 24 18 Peak Tracking Total 11 | . 3 2 11 11 . 3 1 7 7 Tactical Retreats 11 | . 1 . 1 1 . . . 6 2 Traps | -11 -10 -10 -9 -8 -7 -7 -6 -6 -5 ------- Run | Yrd Mat Min Mat Mat Fac DSF Fac Ext Fac Traps Triggered 3 | . . . . . . 1 . 2 . Indirectly . | . . . . . . . . . . Trap Hack Attempts . | . . . . . . . . . . Triggered . | . . . . . . . . . . Disarmed . | . . . . . . . . . . Reprogrammed . | . . . . . . . . . . Reused . | . . . . . . . . . . Traps Extracted . | . . . . . . . . . . Installed . | . . . . . . . . . . Triggered . | . . . . . . . . . . Machines | -11 -10 -10 -9 -8 -7 -7 -6 -6 -5 ---------- Run | Yrd Mat Min Mat Mat Fac DSF Fac Ext Fac Machines Disabled . | . . . . . . . . . . Max in Single Turn . | . . . . . . . . . . Machines Repaired . | . . . . . . . . . . Machines Dismantled . | . . . . . . . . . . Machines Sabotaged . | . . . . . . . . . . Overloaded Fab Kills . | . . . . . . . . . . Hacking | -11 -10 -10 -9 -8 -7 -7 -6 -6 -5 --------- Run | Yrd Mat Min Mat Mat Fac DSF Fac Ext Fac Machines Accessed 20 | . 1 . . 1 1 . 5 10 2 Terminals 19 | . 1 . . 1 1 . 4 10 2 Fabricators . | . . . . . . . . . . Repair Stations . | . . . . . . . . . . Recycling Units . | . . . . . . . . . . Scanalyzers 1 | . . . . . . . 1 . . Garrison Access . | . . . . . . . . . . Total Hacks 44 | . 2 . . 3 1 . 10 26 2 Successful 17 | . 1 . . 3 1 . 2 8 2 Failed 27 | . 1 . . . . . 8 18 . Catastrophic 3 | . . . . . . . 3 . . Database Lockouts . | . . . . . . . . . . Manual 8 | . 1 . . . . . 5 1 1 Terminals 42 | . 2 . . 3 1 . 8 26 2 Fabricators . | . . . . . . . . . . Repair Stations . | . . . . . . . . . . Recycling Units . | . . . . . . . . . . Scanalyzers 2 | . . . . . . . 2 . . Garrison Access . | . . . . . . . . . . Terminal Hacks 17 | . 1 . . 3 1 . 2 8 2 Record 5 | . . . . 1 . . 1 3 . Open Door 5 | . . . . . . . . 5 . Open DSF 3 | . . . . . 1 . 1 . 1 Branch Access Points 1 | . . . . . . . . . 1 Alert Level 1 | . . . . 1 . . . . . Patrol Status 1 | . . . . 1 . . . . . Zone Layout 1 | . 1 . . . . . . . . Fabricator Hacks . | . . . . . . . . . . Repair Station Hacks . | . . . . . . . . . . Recycling Unit Hacks . | . . . . . . . . . . Scanalyzer . | . . . . . . . . . . Garrison Access Hacks . | . . . . . . . . . . Unauthorized Hacks . | . . . . . . . . . . Terminals . | . . . . . . . . . . Fabricators . | . . . . . . . . . . Repair Stations . | . . . . . . . . . . Recycling Units . | . . . . . . . . . . Scanalyzers . | . . . . . . . . . . Garrison Access . | . . . . . . . . . . Data Cores Recovered 1 | . . . . . . . 1 . . Used . | . . . . . . . . . . Hacking Detections 12 | . . . . . . . 3 8 1 Full Trace Events 7 | . . . . . . . 1 6 . Feedback Events 1 | . . . . . . . . 1 . Corruption 1 | . . . . . . . . 1 . Feedback Blocked . | . . . . . . . . . . Robot Schematics Acquired . | . . . . . . . . . . Robots Built . | . . . . . . . . . . Authchips . | . . . . . . . . . . Time . | . . . . . . . . . . Total Robot Build Rating . | . . . . . . . . . . Part Schematics Acquired . | . . . . . . . . . . Parts Built . | . . . . . . . . . . Authchips . | . . . . . . . . . . Time . | . . . . . . . . . . Total Part Build Rating . | . . . . . . . . . . Part Studies Acquired . | . . . . . . . . . . Parts Repaired . | . . . . . . . . . . Time . | . . . . . . . . . . Parts Recycled . | . . . . . . . . . . Recycled Matter . | . . . . . . . . . . Retrieved Matter . | . . . . . . . . . . Retrieved Components . | . . . . . . . . . . Parts Scanalyzed . | . . . . . . . . . . Part Schematics Acquired . | . . . . . . . . . . Parts Damaged . | . . . . . . . . . . Bothacking | -11 -10 -10 -9 -8 -7 -7 -6 -6 -5 ------------ Run | Yrd Mat Min Mat Mat Fac DSF Fac Ext Fac Used RIF Installer . | . . . . . . . . . . Robots Hacked . | . . . . . . . . . . Non-combat . | . . . . . . . . . . Combat . | . . . . . . . . . . Robot Hacks Applied . | . . . . . . . . . . Relay Couplers Released . | . . . . . . . . . . Fabnet Peak Effective % . | . . . . . . . . . . Robots Rewired . | . . . . . . . . . . Allies Hacked . | . . . . . . . . . . Hacks Repelled . | . . . . . . . . . . Allies | -11 -10 -10 -9 -8 -7 -7 -6 -6 -5 -------- Run | Yrd Mat Min Mat Mat Fac DSF Fac Ext Fac Total Allies 5 | . . . . . . . . 5 . Largest Group 5 | . . . . . . . . 5 . Highest-Rated Group 132 | . . . . . . . . 132 . Highest-Rated Ally 31 | . . . . . . . . 31 . Total Orders . | . . . . . . . . . . Ally Attacks 12 | . . . . . . . . 12 . Total Damage 292 | . . . . . . . . 292 . Kills 1 | . . . . . . . . 1 . Allies Corrupted 1 | . . . . . . . . 1 . Allies Melted . | . . . . . . . . . . Intel | -11 -10 -10 -9 -8 -7 -7 -6 -6 -5 ------- Run | Yrd Mat Min Mat Mat Fac DSF Fac Ext Fac Active Infowar (turns) 1849 | . . 63 150 134 1 147 97 555 702 Optics 1539 | . . . . 37 1 147 97 555 702 Structural 666 | . . . . . . 37 97 532 . Seismic 310 | . . 63 150 97 . . . . . Cloaking 1 | . . . . . . . . . 1 Robot Analysis Total . | . . . . . . . . . . Derelict Logs Recovered 1 | . . 1 . . . . . . . Drone Launches . | . . . . . . . . . . Drone Recoveries . | . . . . . . . . . . Exploration | -11 -10 -10 -9 -8 -7 -7 -6 -6 -5 ------------- Run | Yrd Mat Min Mat Mat Fac DSF Fac Ext Fac Turns Passed 2329 | 42 228 240 150 167 1 147 97 555 702 Spaces Moved 3124 | 36 202 261 304 151 4 170 181 831 984 Core 512 | 14 . . . . . 8 . 105 385 Treads . | . . . . . . . . . . Legs 1 | 1 . . . . . . . . . Wheels 682 | 21 202 261 . 81 . . . 117 . Hover 179 | . . . . . . . . . 179 Flight 1750 | . . . 304 70 4 162 181 609 420 Fastest Speed 28 | 50 90 90 31 29 29 28 32 32 45 Average Speed 52 | 75 90 90 32 61 29 41 32 46 49 Slowest Speed 250 | 120 90 90 114 90 29 250 32 120 150 Overloaded Moves . | . . . . . . . . . . Propulsion Burnouts . | . . . . . . . . . . Robots Hopped 3 | . . . . . . . . 1 2 Potential Cave-ins 3 | . . . . . . . . 1 2 Cave-ins Triggered . | . . . . . . . . . . Exploration Rate (%) 33 | 3 33 48 24 27 . 94 5 46 24 Regions Visited 9 Branch Regions 2 Pre-discovered Areas . | . . . . . . . . . . Known Exits Taken 2 | . . . 1 . 1 . . . . Unknown Exits Taken 6 | 1 1 1 . 1 . . 1 1 . Scrap Searched 1 | . . 1 . . . . . . . Spaces Dug 11 | . . . . . . . . 4 7 Terrain Destroyed 11 | . . . . . . . . 4 7 Melee 11 | . . . . . . . . 4 7 Projectile . | . . . . . . . . . . AOE . | . . . . . . . . . . Terrain Rammed . | . . . . . . . . . . Walls Destroyed . | . . . . . . . . . . Machines Disabled . | . . . . . . . . . . Actions | -11 -10 -10 -9 -8 -7 -7 -6 -6 -5 --------- Run | Yrd Mat Min Mat Mat Fac DSF Fac Ext Fac Total 3617 | 50 247 265 333 218 3 221 217 949 1114 Wait 219 | . 39 . 9 42 . 10 34 44 41 Move 3109 | 35 201 260 303 150 3 169 180 828 980 Hop 3 | . . . . . . . . 1 2 Pick Up 47 | 8 3 2 3 5 . 6 1 3 16 Fast Attach 7 | 2 . 1 . . . 2 . . 2 Attach 48 | 4 . 1 2 10 . 10 1 5 15 Detach 8 | 1 . . . 5 . . . . 2 Swap 4 | . . . 3 1 . . . . . Drop 6 | . 2 . . 1 . 1 . . 2 Fire 34 | . 2 . 5 . . 6 . 8 13 Melee 90 | . . . 8 4 . 9 1 27 41 Ram 3 | . . . . . . . . 3 . Kick . | . . . . . . . . . . Crush . | . . . . . . . . . . Escape Stasis 38 | . . . . . . 8 . 30 . Rewire 1 | . . 1 . . . . . . . Trap . | . . . . . . . . . . Miscellaneous . | . . . . . . . . . . Route ------- -11/Scrapyard -10/Materials -10/Mines (discovered 2 exits: [*Mat] / [*Exi]) -9/Materials (discovered 3 exits: *Mat x2 / Sto) -8/Materials -7/Factory -7/DSF -6/Factory -6/Extension -5/Factory (discovered 2 exits: Upp x2) History --------- Turn | Location | Event 5 | -11/Scrapyard | Discovered new exit (range 15) 43 | -11/Scrapyard | Entered Materials 191 | -10/Materials | Discovered new exit (range 14) 271 | -10/Materials | Entered Mines 309 | -10/Mines | Build established: Mutant 381 | -10/Mines | Deemed a non-threat by the Exiles lab entrance 381 | -10/Mines | Discovered new exit (range 5) 464 | -10/Mines | Learned 2 Materials zone layouts 504 | -10/Mines | Discovered new exit (range 8) 511 | -10/Mines | Entered Materials 511 | -9/Materials | Evolved 2 slots: Propulsion x2 512 | -9/Materials | Identified exit to Materials 512 | -9/Materials | Identified exit to Storage 656 | -9/Materials | Discovered exit to Materials (range 16) 661 | -9/Materials | Entered another Materials area 661 | -8/Materials | Evolved 2 slots: Power x1, Utility x1 823 | -8/Materials | Discovered new exit (range 15) 828 | -8/Materials | Entered Factory 828 | -7/Factory | Evolved 2 slots: Utility x2 829 | -7/Factory | Identified exit to DSF 829 | -7/Factory | Entered DSF 835 | -7/DSF | Discovered new exit (range 19) 865 | -7/DSF | Additional patrols routed to DSF 929 | -7/DSF | Lost 5 parts (1p3n1w) 976 | -7/DSF | Entered Factory 976 | -6/Factory | Evolved 2 slots: Propulsion x2 1022 | -6/Factory | Discovered new exit (range 16) 1073 | -6/Factory | Entered Extension 1105 | -6/Extension | Spotted B-75 Beast 1160 | -6/Extension | Spotted B-75 Beast 1193 | -6/Extension | Rescued a captive Derelict 1203 | -6/Extension | Build established: Scavenger-Sprinter 1215 | -6/Extension | Rescued a captive Derelict 1217 | -6/Extension | Rescued a captive Derelict 1263 | -6/Extension | Rescued a captive Derelict 1267 | -6/Extension | Rescued a captive Derelict 1269 | -6/Extension | Rescued a captive Derelict 1538 | -6/Extension | Lost 6 parts (1p2n3w) 1622 | -6/Extension | Core integrity fell below 50% 1627 | -6/Extension | Discovered new exit (range 3) 1628 | -6/Extension | Core integrity fell below 20% 1628 | -6/Extension | Entered Factory 1628 | -5/Factory | Evolved 2 slots: Power x1, Utility x1 1650 | -5/Factory | Identified exit to Upper Caves 1656 | -5/Factory | Lost 5 parts (1n3u1w) 1803 | -5/Factory | Build established: Mutant 2184 | -5/Factory | Spotted B-75 Beast 2200 | -5/Factory | Core integrity fell below 50% 2300 | -5/Factory | Core integrity fell below 20% 2330 | -5/Factory | Destroyed by Y-64 Sentinel with Wave Gun Last Messages --------------- Slug penetrates Wall. Gyrokinetic Inverter destroyed. Wall collapses. Penetrated by Slug. Y-64 Sentinel suffers critical hit (Impale). System corrupted: Component data lost. Penetrated by Slug. U-05 Engineer builds a Wall. Slug penetrates Wall. Y-64 Sentinel destroyed. Slug penetrates Door. Terrain Scan Processor destroyed. U-05 Engineer builds a Wall. U-05 Engineer builds a Door. Penetrated by Slug. Slug penetrates Nuclear Reactor. System corrupted: Energy discharge (-34). Slug penetrates K-01 Serf. K-01 Serf destroyed. [Achievement: This Is Interesting...] Map ----- +----------------------------------------------------+ | ?????? *#[ # # ## | | ?????? # # # ## | | ?????? # # # ## | | ?????? ###+#####+### !!] # # #? | | ???????? ????# ## !]] # # #? | | ???????????????# """" ## !]] #+######## #? | | ???????????????# """" ## # #??????# #? | | ???????????????# """" ## # #??????# #? | | ???????????????# """" ## """ """ # #??????#+#? | | ???????????????# ## """ """ # #?????????? | | ???????????????# """" ## """ """ # #?????????? | | ???????????????# """" ## # #?????????? | | ???????????????# """" ## # #?????????? | | ???????????????# """" ## # #?????????? | | ???????????????# #######+#+## #?????????? | | ???????????????# #?????# #?????????? | | ???????????????# #?????# #?????????? | | ???????????????# ####### #?????????? | | ???????????????# + ########+#? | | ???????????????############ p | | ??????????????????????????# *** ######## | | ??????????????????????????# *** #?????????? | | ??????????????????????????# *** #?????????? | | ????????????????????????### ###?????????? | | ????????????????????????# ! #???????????? | | ????????????????????????#@ #???????????? | | ????????????????????????+ +???????????? | | ????????????????????????# ###+##+#???????????? | | ????????????????????????# #??????????????????? | | ????????????????????????## ##??????????????????? | | ?????????????????????????# #???????????????????? | | ?????????????????????????# = #???????????????????? | | ?????????????????????????# %*#???????????????????? | | ?????????????????????????# #???????????????????? | | ????????????????????????? ???????????????????? | | ????????????????????????? ???????????????????? | | ????????????????>??????? Y #??????????????????? | | ???????????????????????? #??????????????????? | | ???????????????????????## #??????????????????? | | ????????????????????????#######??????????????????? | | ?????????????????????????????????????????????????? | | ?????????????????????????????????????????????????? | | ?????????????????????????????????????????????????? | | ?????????????????????????????????????????????????? | | ?????????????????????????????????????????????????? | | ?????????????????????????????????????????????????? | | ?????????????????????????????????????????????????? | | | | | | | +----------------------------------------------------+ Best States ------------- Heat Dissipation 66 Energy Generation 23 Energy Capacity 250 Matter Stores 300 Matter Capacity 300 Sight Range 20 Terrain Scan Density 85 Evasion (%) 72 Targeting Accuracy 8 Target Analysis 5 Offensive Hacking 10 Item Schematics ----------------- None Robot Schematics ------------------ None Fabricated ------------ Nothing Repaired ---------- Nothing Studied --------- None Alien Tech Used ----------------- None Achievements -------------- This Is Interesting... Challenges ------------ None Game ------ Seed InsulatedHugeLeg Manual? 0 Play Time 00:51:57 Cumulative 45.2 hours Start 2026.07.26 @ 00:15:56 End 2026.07.26 @ 01:10:23 Sessions 1 Manual Loads 0 Difficulty Rogue Special Mode None Game No. 78 Rogue 76 Adventurer 0 Explorer 2 Win Type - Total 0 Types 0/0/0/0/0/0/0/0/0/0 Lore% 25 Gallery% 28 Achievement% 20 Wizard Run 0 Options --------- Layout 1 ASCII 0 Keyboard 0 Movement Mouse Keybinds 0 Fullscreen 1 Font 24/Smallcaps Map View 50x35 Zoom Use 0% Tactical HUD 0 Map Filters NONE Filters NONE Steam 1 RUN: eebaaa64-410a-4ec4-a919-a9ee129c3381